AoeStats
← 旺旺

Arena

511025743Analyzed
2v2 RM · 9h ago on Oct 3, 2026· 33m 50s· 4 players
Game mode
Random Map
Map size
Medium (4 player)
Population
200
Speed
Normal
Resources
Standard
Victory
Conquest
Starting age
Dark Age
Ending age
Imperial Age
RankedLock teamsTeams togetherTeam positionsShared explorationLock speedFull tech treeHidden civsTurbo modeCheats
Victory
Defeat
🇺🇸 Italians · United States
866
+17
🇺🇸 Goths · United States
835
+18
🇨🇳 Franks · China
892
-18
🇭🇰 Persians · Hong Kong SAR China
874
-17
Galaxy
5:52 Loom
10:45 Feudal Age
11:26 Double-Bit Axe
12:51 Horse Collar
18:20 Castle Age
18:22 Scale Mail Armor
18:38 Forging
19:52 Heavy Plow
20:46 Bow Saw
23:30 Imperial Age
21:50 Chain Mail Armor
22:11 Iron Casting
21:45 Squires
22:27 Wheelbarrow
23:17 Gold Mining
23:45 Stone Mining
25:21 Blast Furnace
33:13 Crop Rotation
Halfkid
7:38 Loom
9:34 Feudal Age
10:16 Double-Bit Axe
10:13 Horse Collar
12:53 Gold Mining
18:18 Wheelbarrow
25:20 Castle Age
26:28 Stone Mining
28:23 Hand Cart
28:34 Bow Saw
28:48 Heavy Plow
29:47 Coinage
Ming
0:28 Loom
10:25 Feudal Age
15:32 Double-Bit Axe
21:25 Castle Age
20:53 Wheelbarrow
23:37 Gold Mining
23:42 Stone Mining
28:59 Imperial Age
旺旺
10:45 Feudal Age
11:29 Double-Bit Axe
18:34 Castle Age
16:30 Stone Mining
16:57 Horse Collar
17:15 Gold Mining
19:21 Bow Saw
19:15 Heavy Plow
26:51 Imperial Age
25:55 Wheelbarrow
27:10 Hand Cart
27:14 Arson
26:53 Pikeman
27:34 Squires
28:17 Gold Shaft Mining
28:39 Halberdier
29:24 Scale Mail Armor
32:11 Chain Mail Armor
33:30 Crop Rotation
34:08 Plate Mail Armor
34:08 Husbandry
34:18 Bloodlines
Connection lost

Rejoining the realm…

Still unreachable

The connection could not be restored.

Session expired

The server has moved on; the page needs a fresh start.